 Dungeon Crawl Stone Soup version 0.27-a0-1273-gec92ba881d (webtiles) character file.

Game seed: 11722313679845750781

1638 ZappyNine the Cutter (level 8, -1/64 HPs)
             Began as a Vampire Fighter on June 11, 2021.
             Was an Initiate of Kikubaaqudgha.
             Slain by an ice beast (11 damage)
             ... on level 7 of the Dungeon.
             The game lasted 00:05:13 (4807 turns).

ZappyNine the Cutter (Vampire Fighter)              Turns: 4807, Time: 00:05:13

Health: -1/64      AC:  8    Str: 15    XL:     8   Next: 66%
Magic:  10/10      EV:  7    Int: 13    God:    Kikubaaqudgha [......]
Gold:   253        SH:  9    Dex: 13    Spells: 9/9 levels left

rFire    . . .     SeeInvis +   i - +3 short sword (drain)
rCold    . . .     Faith    .   c - +0 kite shield
rNeg     . . .     Spirit   .   b - +0 scale mail
rPois    .         Reflect  .   (no helmet)
rElec    .         Harm     .   (no cloak)
rCorr    .         Rampage  .   (no gloves)
Will     .....                  v - +0 pair of boots
Stlth    ..........             n - amulet of regeneration
HPRegen  1.40/turn              (no ring)
MPRegen  0.12/turn              (no ring)

@: healing quickly, studying Bows
A: alive, fangs 3, see invisible, vampiric 2
a: Exsanguinate, Renounce Religion


You were on level 7 of the Dungeon.
You worshipped Kikubaaqudgha.
Kikubaaqudgha was noncommittal.
You visited 2 branches of the dungeon, and saw 8 of its levels.

You collected 253 gold pieces.

Inventory:

Hand Weapons
 i - a +3 short sword of draining (weapon)
Missiles
 q - a throwing net (quivered)
Armour
 b - a +0 scale mail (worn)
 c - a +0 kite shield (worn)
 d - a +0 ring mail
 p - a +0 buckler
 v - a +0 pair of boots (worn)
Jewellery
 j - an amulet of reflection
 l - a ring of positive energy
 n - an amulet of regeneration (around neck)
 o - a ring of fire
Scrolls
 e - a scroll of magic mapping {unknown}
 g - a scroll of teleportation
 h - a scroll of amnesia
Potions
 a - a potion of ambrosia
 f - 3 potions of attraction
 m - a potion of berserk rage
 r - 6 potions of heal wounds
 t - a potion of flight
 u - a potion of resistance {unknown}


   Skills:
 + Level 5.6 Fighting
 + Level 6.2 Short Blades
 + Level 5.1 Armour
 - Level 5.3 Shields
 + Level 1.3 Spellcasting
 + Level 1.8 Necromancy


You had 9 spell levels left.
You didn't know any spells.
Your spell library contained the following spells:

 Spells                   Type           Power      Damage    Failure   Level
 Animate Skeleton         Necr           10%        N/A       85%         1
 Apportation              Tloc           0%         N/A       98%         1
 Corona                   Hex            0%         N/A       98%         1
 Magic Dart               Conj           0%         1d3       98%         1
 Summon Small Mammal      Summ           0%         N/A       98%         1
 Blink                    Tloc           N/A        N/A       99%         2
 Call Imp                 Summ           0%         N/A       99%         2
 Slow                     Hex            0%         N/A       99%         2
 Confusing Touch          Hex            0%         N/A       100%        3
 Conjure Flame            Conj/Fire      0%         6-21      100%        3
 Gell's Gravitas          Tloc           0%         N/A       100%        3
 Mephitic Cloud           Conj/Pois/Air  0%         N/A       100%        3
 Petrify                  Tmut/Erth      0%         N/A       100%        4
 Metabolic Englaciation   Hex/Ice        0%         N/A       100%        5
 Yara's Violent Unravell  Hex/Tmut       0%         3d3       100%        5


Dungeon Overview and Level Annotations

Branches:
Dungeon (7/15)             Temple (1/1) D:5

Altars:
Ashenzari
Dithmenos
Elyvilon
Fedhas
Gozag
Hepliaklqana
Kikubaaqudgha
Makhleb
Nemelex Xobeh
Okawaru
Qazlal
Ru
Sif Muna
Trog
Uskayaw
Xom
Zin
The Shining One

Annotations:
D:2 1 runed translucent door, Crazy Yiuf


Innate Abilities, Weirdness & Mutations

Your natural rate of healing is accelerated.
You have razor-sharp teeth.
You have supernaturally acute eyesight. (SInv)
You are afflicted with vampirism and can become a bat while bloodless.


Message History

The ice beast hits you. The ice beast freezes you!
You completely miss the ice beast.
The ice beast is lightly wounded.
You block the ice beast's attack.
You hit the ice beast.
You bite the ice beast, but do no damage.
The ice beast is moderately wounded.
The ice beast hits you. The ice beast freezes you!
You barely miss the ice beast. Your bite misses the ice beast.
The ice beast is moderately wounded.
You block the ice beast's attack.
You hit the ice beast.
The ice beast is moderately wounded.
The ice beast hits you but does no damage.
You hit the ice beast but do no damage.
The ice beast is moderately wounded.
The ice beast hits you but does no damage.
You barely miss the ice beast.
The ice beast is moderately wounded.
The ice beast hits you. The ice beast freezes you!
You hit the ice beast but do no damage.
The ice beast is moderately wounded.
You block the ice beast's attack.
You closely miss the ice beast.
The ice beast is moderately wounded.
The ice beast barely misses you.
You barely miss the ice beast.
The ice beast is moderately wounded.
The ice beast barely misses you.
You closely miss the ice beast.
The ice beast is moderately wounded.
The ice beast hits you. The ice beast freezes you!
* * * LOW HITPOINT WARNING * * *
You hit the ice beast but do no damage. Your bite misses the ice beast.
The ice beast is moderately wounded.
The ice beast hits you.
* * * LOW HITPOINT WARNING * * *
The ice beast freezes you!
You die...
Kikubaaqudgha rasps: "You have failed me!
Welcome... death!"

.. #####.# ....... #.#
....... #.# ....... #.#
....... #.#
############)...... #.#
#.......@Y.)......# #.#
#.#####################.#
#.# #............ #.#
#.#########.# #.# #.# #.#
#.# #.# #.# #.# #.# #.#
#.# #.# #.# #.# #.# #.#


You could see an ice beast.

Vanquished Creatures
  A water moccasin (D:5)
  A black bear (D:6)
  2 orc warriors
  A sky beast (D:6)
  2 ogres (D:5)
  2 phantoms
  4 scorpions
  A water moccasin skeleton (D:5)
  A howler monkey (D:4)
  A bullfrog zombie (D:5)
  A hound (D:7)
  2 orc priests (D:7)
  A jelly (D:6)
  4 orc wizards
  A hound skeleton (D:4)
  A howler monkey skeleton (D:6)
  5 adders
  11 gnolls
  An ufetubus (D:5)
  A worm (D:3)
  2 dart slugs
  12 orcs
  8 endoplasms
  A giant cockroach (D:1)
  3 goblins
  7 hobgoblins
  3 jackals (D:3)
  5 kobolds
  2 quokkas
  6 ball pythons
  7 bats
  2 frilled lizards (D:2)
  5 rats
107 creatures vanquished.

Vanquished Creatures (others)
  A withered plant (D:3)
1 creature vanquished.

Grand Total: 108 creatures vanquished

Notes
Turn   | Place    | Note
-------+----------+-------------------------------------------
     0 | D:1      | ZappyNine the Vampire Fighter began the quest for the Orb.
     0 | D:1      | Reached XP level 1. HP: 17/17 MP: 1/1
    23 | D:1      | Reached XP level 2. HP: 17/23 MP: 2/2
   540 | D:1      | Gained mutation: You are afflicted with vampirism and can
                  | become a bat while bloodless. [Vampire growth]
   540 | D:1      | Reached XP level 3. HP: 29/29 MP: 3/3
  1239 | D:2      | Reached skill level 3 in Short Blades
  1272 | D:2      | Found a runed translucent door.
  1273 | D:2      | Noticed Crazy Yiuf
  1690 | D:3      | Reached XP level 4. HP: 35/35 MP: 4/4
  1817 | D:3      | Found a faded altar of an unknown god.
  1828 | D:3      | You fall into a shaft and drop 3 floors!
  1873 | D:6      | Noticed a scorpion
  1886 | D:6      | Killed a scorpion
  1887 | D:6      | Reached XP level 5. HP: 41/41 MP: 5/5
  1999 | D:6      | Noticed a phantom
  2020 | D:6      | Noticed a sky beast
  2033 | D:6      | Killed a phantom
  2059 | D:6      | Killed a sky beast
  2060 | D:6      | Reached skill level 4 in Short Blades
  2060 | D:6      | Reached XP level 6. HP: 48/48 MP: 6/6
  2236 | D:5      | Entered Level 5 of the Dungeon
  2340 | D:5      | Reached XP level 7. HP: 44/55 MP: 7/7
  2636 | D:4      | Reached skill level 5 in Short Blades
  3437 | D:3      | Found an opulent altar of Gozag.
  3521 | D:3      | Reached skill level 5 in Fighting
  3871 | D:5      | Found a staircase to the Ecumenical Temple.
  3883 | D:5      | Reached skill level 5 in Shields
  3883 | D:5      | Reached XP level 8. HP: 62/62 MP: 8/8
  3889 | Temple   | Entered the Ecumenical Temple
  3934 | Temple   | Became a worshipper of Kikubaaqudgha
  4615 | D:6      | Reached skill level 6 in Short Blades
  4665 | D:7      | Reached skill level 1 in Necromancy
  4670 | D:7      | Reached skill level 5 in Armour
  4766 | D:7      | Reached skill level 1 in Spellcasting
  4807 | D:7      | Slain by an ice beast

Illustrated notes

Levels and vault maps discovered:
D:1:      kennysheep_arrival_forest, layout_basic
D:2:      layout_rooms, lemuel_another_geyser, uniq_crazy_yiuf_cottage
D:3:      layout_basic, grunt_gozag_statues, shapermc_ecumenical_altar_gd
D:4:      layout_loops_cross
D:5:      layout_basic, minmay_temple_entry_mist
D:6:      layout_basic
D:7:      layout_basic
Temple:   grunt_wide_crystal_templ

Skill      XL: |  1  2  3  4  5  6  7  8 |
---------------+-------------------------+-----
Fighting       | 3 4 5 |  5.6
Shields        | 3 4 5 |  5.3
Short Blades   | 3 4 5 6 |  6.2
Armour         | 3 4 5 |  5.1
Necromancy     | 1 |  1.8
Spellcasting   | 1 |  1.3

Action                   |  1- 3 |  4- 6 |  7- 9 || total
-------------------------+-------+-------+-------++-------
Melee: Rapier            |    18 |       |       ||    18
       Short sword       |    71 |   127 |   249 ||   447
       Bite              |     1 |    10 |    35 ||    46
  Use: Scroll            |       |       |    11 ||    11
       Potion            |       |       |     1 ||     1
Armor: Scale mail        |    34 |    62 |    67 ||   163
Dodge: Dodged            |    14 |    34 |    68 ||   116
Block: Kite shield       |    37 |    75 |   138 ||   250

Table legend: (Time is in decaauts)
 A = Elapsed time spent in this place.
 B = Non-inter-level travel time spent in this place.
 C = Inter-level travel time spent in this place.
 D = Time resting spent in this place.
 E = Time spent auto-exploring this place.
 F = Levels seen in this place.
 G = Mean time per level.
                   A        B        C        D        E       F      G
               +--------+--------+--------+--------+--------+-----+--------+
         Total |   4860 |   4570 |    290 |    107 |   3504 |   8 |  607.5 |
       Dungeon |   4806 |   4537 |    269 |    107 |   3472 |   7 |  686.6 |
        Temple |     54 |     33 |     21 |      0 |     32 |   1 |   54.0 |
               +--------+--------+--------+--------+--------+-----+--------+

Top non-repeatable levels by time:
     D:1: 1005 daAuts
     D:3: 843 daAuts
     D:5: 728 daAuts
     D:6: 708 daAuts
     D:4: 679 daAuts
     D:2: 664 daAuts
     D:7: 176 daAuts
  Temple: 54 daAuts
